Map: Kairos Junction LE

Players

Hiley

  • Race: Terran Terran
  • League: Silver
  • Spawn Location: 5:00

Hengest - Winner!

  • Race: Protoss Protoss
  • League: Gold
  • Spawn Location: 11:00

VOD

Have the link to the VOD?

Description

Time

  • Played on: March 14, 2019, 1:22 p.m.
  • Length: 12:01
Show
View Real Time Build Order
Export as new Build Order

Hiley Terran 

Build Orders: 1/1/1 

Get SALT Encoding   

  12  0:12  Supply Depot  
  12  0:16  SCV  
  13  0:23  Refinery  
  13  0:36  Barracks  
  13  0:40  SCV  
  14  0:54  Refinery  
  14  0:55  SCV  
  15  1:07  SCV  
  16  1:19  SCV  
  17  1:27  Factory  
  17  1:28  Marine  
  18  1:33  SCV  
  19  1:46  SCV  
  20  1:58  SCV  
  21  2:14  Starport  
  21  2:18  Supply Depot  
  21  2:21  SCV  
  22  2:25  Factory Tech Lab  
  22  2:36  SCV  
  23  2:42  Bunker  
  23  2:48  SCV  
  24  2:55  Fusion Core  
  24  2:56  Starport Tech Lab  
  24  3:05  SCV  
  24  3:09  Marine  
  26  3:21  Orbital Command  
  26  3:53  Battlecruiser  
  26  3:55  Weapon Refit  
  32  3:58  Marine  
  33  4:05  Siege Tank  
  36  4:11  Engineering Bay  
  36  4:18  Marine  
  17  5:20  Missile Turret  
  17  5:22  SCV  
  18  5:34  SCV  
  19  5:46  SCV  
  20  5:58  SCV  
  15  6:04  Battlecruiser  
  21  6:24  Missile Turret  
  21  6:42  SCV  
  22  6:54  SCV  
  23  7:06  SCV  
  24  7:44  SCV  
  31  8:41  SCV  
  32  8:54  SCV  
  27  9:06  SCV  
  22  9:14  Missile Turret  
  22  9:18  Missile Turret, SCV  
  7  9:53  Command Center  
  7  9:58  Missile Turret  
  7  10:00  Missile Turret  
  7  10:03  Missile Turret  
  7  10:12  Supply Depot  
Show
View Real Time Build Order
Export as new Build Order

Hengest Protoss - Winner!

Build Orders: Oracle Opening 

Get SALT Encoding   

  12  0:01  Probe  
  13  0:13  Probe  
  14  0:21  Pylon  
  14  0:25  Probe  
  15  0:35  Probe  
  16  0:43  Probe  
  16  0:44  Gateway  
  17  0:57  Probe, Forge  
  18  1:05  Probe  
  18  1:08  Assimilator  
  19  1:12  Assimilator  
  19  1:20  Pylon  
  19  1:22  Probe  
  20  1:39  Cybernetics Core  
  20  1:47  Probe  
  21  1:55  Photon Cannon  
  21  2:03  Photon Cannon  
  21  2:04  Probe  
  22  2:13  Photon Cannon  
  22  2:25  Stargate  
  22  2:26  Warp Gate  
  22  2:30  Probe  
  22  2:36  Pylon  
  23  2:46  Probe  
  24  2:55  Shield Battery  
  24  2:57  Oracle, Pylon  
  24  3:00  Probe  
  28  3:26  Oracle  
  31  3:40  Nexus  
  31  3:57  Gateway  
  31  4:00  Gateway  
  31  4:02  Probe  
  32  4:17  Stalker  
  34  4:30  Probe  
  35  4:31  Pylon  
  35  4:34  Pylon  
  35  4:38  Pylon  
  35  5:02  Void Ray  
  35  5:06  Probe  
  39  5:07  Probe  
  41  5:14  Probe  
  41  5:15  Probe  
  43  5:26  Fleet Beacon  
  43  5:30  Stargate  
  43  5:35  Protoss Shields Level 1  
  41  6:01  Void Ray  
  41  6:17  Pylon  
  45  6:20  Pylon  
  45  6:21  Probe  
  45  6:25  Probe  
  47  6:27  Pylon  
  47  6:31  Pylon  
  47  6:33  Assimilator  
  47  6:35  Probe, Void Ray, Assimilator  
  47  6:39  Probe  
  53  6:58  Probe x2  
  55  7:02  Void Ray  
  56  7:28  Probe x2  
  56  7:29  Void Ray  
  62  7:40  Probe x2  
  64  7:46  Photon Cannon  
  64  7:48  Shield Battery  
  64  7:51  Photon Cannon  
  64  7:53  Shield Battery  
  64  7:54  Protoss Air Weapons Level 1, Void Ray  
  68  8:11  Probe x2  
  68  8:12  Void Ray  
  70  8:13  Cybernetics Core  
  70  8:23  Probe x2  
  76  8:38  Probe x2  
  78  8:50  Nexus  
  74  9:08  Void Ray x2  
  78  9:50  Nexus  
  78  9:51  Void Ray x2  
  86  9:52  Assimilator  
  86  9:56  Assimilator  
  86  9:57  Pylon  
  86  9:59  Probe x2  
  88  10:02  Pylon  
  88  10:34  Carrier x2  
  100  10:35  Pylon  
  100  10:39  Pylon  
  100  10:43  Pylon  
  100  10:59  Stargate  
  100  11:01  Stargate  
  100  11:06  Photon Cannon  
  100  11:09  Photon Cannon  
  100  11:12  Photon Cannon  
Tags
 
Add a new tag
Caveats
  • Supply blocks, unpowered buildings, or Contaminate may cause inaccurate times.
  • Supply counts are checked every 10 seconds.